Cogmind - Beta 10.1 @@@ ROGUE MODE // 2020.11.09 @ 14:14:51 Player: error404 Result: Destroyed by as-14821 with Assembled Blade Performance ------------- Evolutions (0) 0 Regions Visited (0) 0 Robots Destroyed (1) 5 Value Destroyed (53) 53 Prototype IDs (0) 0 Alien Tech Used (0) 0 Bonus (0) 0 TOTAL SCORE: 58 Bonus ------- None Cogmind --------- Core Integrity 0/250 Matter 291/300 Energy 69/100 System Corruption 3% Temperature Cool (0) Movement Core (50) Location -11/Scrapyard Parts ------- > --- POWER (1) -------- (None) > --- PROPULSION (2) --- Light Treads Light Treads > --- UTILITY (2) ------ (None) > --- WEAPON (2) ------- (None) > --- INVENTORY (4) ---- (None) Peak State ------------ > --- POWER ------------ Ion Engine > --- PROPULSION ------- Aluminum Leg Aluminum Leg > --- UTILITY ---------- Small Storage Unit > --- WEAPON ----------- Assault Rifle Assault Rifle > --- INVENTORY -------- (None) [Rating: 6] Favorites ----------- Power Ion Engine Engine Ion Engine Propulsion Aluminum Leg Treads Light Treads Leg Aluminum Leg Utility Small Storage Unit Storage Small Storage Unit Weapon Assault Rifle Energy Gun Medium Laser Ballistic Gun Assault Rifle Build | -11 ------- Run | Scr Slots Evolved . | . Power . | . Propulsion . | . Utility . | . Weapon . | . Parts Attached 9 | 9 Power 1 | 1 Engine 1 | 1 Core . | . Reactor . | . Propulsion 4 | 4 Treads 2 | 2 Leg 2 | 2 Wheel . | . Hover . | . Flight . | . Utility 1 | 1 Device . | . Storage 1 | 1 Processor . | . Hackware . | . Protection . | . Artifact . | . Weapon 3 | 3 Energy Gun 1 | 1 Energy Cannon . | . Ballistic Gun 2 | 2 Ballistic Cannon . | . Launcher . | . Special Weapon . | . Impact Weapon . | . Slashing Weapon . | . Piercing Weapon . | . Special Melee Weapon . | . Unidentified Prototypes . | . Parts Lost 7 | 7 Power 1 | 1 Propulsion 2 | 2 Utility 1 | 1 Weapon 3 | 3 Highest Loss Streak 7 | 7 Average Slot Usage (%) . | . Naked Turns . | . Heaviest Build 13 | 13 Greatest Support 3 | 3 Greatest Overweight (x) 4 | 4 Average Overweight (x) 3 | 3 Largest Inventory Capacity 6 | 6 Average Capacity 5 | 5 Most Carried 3 | 3 Average Carried 2 | 2 Final Capacity 4 | 4 Final Carried . | . Class Distribution -------------------- None Dominant Class ---------------- None Resources | -11 ----------- Run | Scr Matter Collected 264 | 264 Remotely . | . Salvage Created . | . Parts . | . Haulers Intercepted . | . Recyclers Shooed . | . Parts Field Recycled . | . Retrieved Matter . | . Parts Self-Destructed . | . Prevented . | . Kills | -11 ------- Run | Scr Combat Hostiles Destroyed 1 | 1 Guns 1 | 1 Classes Destroyed 1 | 1 Demolisher 1 | 1 Best Kill Streak 1 | 1 Combat Bots Only 1 | 1 Max Kills in Single Turn 1 | 1 Gunslinging . | . Exploded . | . Melee . | . Uniques/NPCs Destroyed . | . Combat | -11 -------- Run | Scr Damage Taken 895 | 895 Core 265 | 265 Absorbed by Shields . | . Core Remaining (%) . | . Volleys Fired 9 | 9 Largest 2 | 2 Hottest 50 | 50 Shots Fired 15 | 15 Gun 15 | 15 Cannon . | . Launcher . | . Special . | . Kinetic 12 | 12 Thermal 3 | 3 Explosive . | . Electromagnetic . | . Robot Hit Streak 5 | 5 Robot Miss Streak 1 | 1 Penetration Max . | . Secondary Targets . | . Shots Hit Robots 10 | 10 Core Hits 4 | 4 Critical Hits . | . Critical Kills . | . Critical Parts Destroyed . | . Melee Attacks . | . Impact . | . Slashing . | . Piercing . | . Sneak Attacks . | . Combat Hostiles . | . Follow-up Attacks . | . Damage Inflicted 125 | 125 Guns 117 | 117 Cannons . | . Explosions . | . Melee . | . Ramming 8 | 8 Kinetic 105 | 105 Thermal 12 | 12 Explosive . | . Electromagnetic . | . Impact . | . Slashing . | . Piercing . | . Highest Corruption 3 | 3 Average Corruption 3 | 3 Corruption Purged . | . Overload Shots . | . Overflow Damage . | . Projectiles . | . Explosions . | . Melee . | . Knockbacks 1 | 1 Impact 1 | 1 Kinetic . | . Secondary . | . Self-Inflicted Damage 3 | 3 Shots . | . Rammed 5 | 5 Targets Rammed 5 | 5 Kicked . | . Crushed . | . Highest Temperature . | . Average Temperature . | . Received Heat Transfer . | . Siege Activations . | . Robots Corrupted . | . Combat Hostiles . | . Parts Fried . | . Impact Corruptions . | . Robots Melted . | . Combat Hostiles . | . Parts Melted . | . Heat Transferred 37 | 37 Parts Sabotaged . | . Parts Stolen . | . Parts Stripped . | . Power Chain Reactions . | . Missiles Intercepted . | . Alert | -11 ------- Run | Scr Peak Influence 20 | 20 Initial . | . Average . | . Maximum Alert Level . | . Low Security (%) 100 | 100 Level 1 . | . Level 2 . | . Level 3 . | . Level 4 . | . Level 5 . | . High Security . | . Max Security . | . Squads Dispatched . | . Investigation . | . Extermination . | . Reinforcement . | . Assault . | . Garrison . | . Intercept . | . Construction Impeded . | . Haulers Reinforced . | . Stealth | -11 --------- Run | Scr Distress Signals . | . Communications Jammed . | . Distress Signals . | . Times Spotted 8 | 8 Peak Tracking Total 7 | 7 Tactical Retreats . | . Traps | -11 ------- Run | Scr Traps Triggered . | . Indirectly . | . Trap Hack Attempts . | . Triggered . | . Disarmed . | . Reprogrammed . | . Reused . | . Traps Extracted . | . Installed . | . Triggered . | . Machines | -11 ---------- Run | Scr Machines Disabled . | . Max in Single Turn . | . Machines Sabotaged . | . Garrisons Compromised . | . Overloaded Fab Kills . | . Fab Network Shutdowns . | . Hacking | -11 --------- Run | Scr Machines Accessed . | . Terminals . | . Fabricators . | . Repair Stations . | . Recycling Units . | . Scanalyzers . | . Garrison Access . | . Total Hacks . | . Successful . | . Failed . | . Catastrophic . | . Database Lockouts . | . Manual . | . Terminals . | . Fabricators . | . Repair Stations . | . Recycling Units . | . Scanalyzers . | . Garrison Access . | . Terminal Hacks . | . Fabricator Hacks . | . Repair Station Hacks . | . Recycling Unit Hacks . | . Scanalyzer . | . Garrison Access Hacks . | . Unauthorized Hacks . | . Terminals . | . Fabricators . | . Repair Stations . | . Recycling Units . | . Scanalyzers . | . Garrison Access . | . Data Cores Recovered . | . Used . | . Hacking Detections . | . Full Trace Events . | . Feedback Events . | . Feedback Blocked . | . Robot Schematics Acquired . | . Robots Built . | . Matter . | . Time . | . Total Robot Build Rating . | . Part Schematics Acquired . | . Parts Built . | . Matter . | . Time . | . Total Part Build Rating . | . Parts Repaired . | . Time . | . Parts Recycled . | . Recycled Matter . | . Retrieved Matter . | . Retrieved Components . | . Parts Scanalyzed . | . Part Schematics Acquired . | . Parts Damaged . | . Bothacking | -11 ------------ Run | Scr Used RIF Installer . | . Robots Hacked . | . Non-combat . | . Combat . | . Robot Hacks Applied . | . Relay Couplers Released . | . Robots Rewired . | . Allies Hacked . | . Hacks Repelled . | . Allies | -11 -------- Run | Scr Total Allies . | . Largest Group . | . Highest-Rated Group . | . Highest-Rated Ally . | . Total Orders . | . Ally Attacks . | . Total Damage . | . Kills . | . Allies Corrupted . | . Allies Melted . | . Intel | -11 ------- Run | Scr Robot Analysis Total . | . Derelict Logs Recovered . | . Drone Launches . | . Drone Recoveries . | . Exploration | -11 ------------- Run | Scr Turns Passed 1605 | 1605 Spaces Moved 641 | 641 Core 641 | 641 Treads . | . Legs . | . Wheels . | . Hover . | . Flight . | . Fastest Speed 50 | 50 Average Speed 241 | 241 Slowest Speed 250 | 250 Overloaded Moves . | . Propulsion Burnouts . | . Robots Hopped . | . Cave-ins Triggered . | . Exploration Rate (%) 48 | 48 Regions Visited . Branch Regions . Pre-discovered Areas . | . Known Exits Taken . | . Unknown Exits Taken . | . Scrap Searched . | . Spaces Dug . | . Terrain Destroyed . | . Melee . | . Projectile . | . AOE . | . Terrain Rammed . | . Walls Destroyed . | . Machines Disabled . | . Actions | -11 --------- Run | Scr Total 679 | 679 Wait 6 | 6 Move 641 | 641 Hop . | . Pick Up 9 | 9 Fast Attach . | . Attach 9 | 9 Detach . | . Swap . | . Drop . | . Fire 9 | 9 Melee . | . Ram 5 | 5 Kick . | . Crush . | . Escape Stasis . | . Rewire . | . Trap . | . Miscellaneous . | . Route ------- -11/Scrapyard (discovered 1 exit: [*Mat]) History --------- Turn | Location | Event 10 | -11/Scrapyard | Discovered new exit (range 15) 1546 | -11/Scrapyard | Assembled infested the area 1570 | -11/Scrapyard | Core integrity fell below 50% 1596 | -11/Scrapyard | Core integrity fell below 20% 1606 | -11/Scrapyard | Destroyed by as-14821 with Assembled Blade Last Messages --------------- 01575_ Assault Rifle destroyed. 01576_ The unstable cave ceiling collapses. 01578_ Aluminum Leg destroyed. 01579_ The unstable cave ceiling collapses. 01582_ Med. Laser destroyed. 01583_ The unstable cave ceiling collapses. 01586_ Slammed into D-53 Grenadier. 01587_ D-53 Grenadier knocked back. 01589_ as-14821 sneak attacks. 01589_ K-01 Serf destroyed. 01589_ Slammed into D-53 Grenadier. 01591_ Ion Engine destroyed. 01593_ Slammed into D-53 Grenadier. 01595_ D-53 Grenadier destroyed. 01599_ The unstable cave ceiling collapses. 01600_ Sml. Storage Unit destroyed. 01600_ System corrupted by crushing effect (+3). 01604_ Acquired 83 matter. 01605_ Acquired 10 matter. 01606_ Acquired 1 matter. Map ----- +----------------------------------------------------+ | #?????????##### #???? #?????????????? | | ##### ##????????????## ###? #?????????????? | | ############## # #?????????????? | | # #?????????????? | | #?????????????? | | ### ##### # #?????????????? | | ??# #???## ############?????????????? | | ??# ###### # #??????????????? | | ??# # # # #??????????????? | | ??# # #??????????????? | | ??# # # # #??????????????? | | ??# ######%!###########??????????????? | | ??# ##????#= #?######?????????????????? | | ??############ #?????# #? #?????????????????? | | ???????????### ####### # #?????????????????? | | ???????????# # # #?????????????????? | | ???????????# #?????????????????? | | ???????????# # # #?????????????????? | | ???????????# # a# ##?????????????????? | | ???????????########### #######??????????????????? | | ?????##########???# a #??????###########????? | | ?????# ##### a #??????# #????? | | ?????# # # ######## #????? | | ###### # #????? | | * *% # #????? | | a@ ##### # #????? | | ######= # < #???# # #????? | | ?????# a #???# # #????? | | ?????# # #####???# #????? | | ######## ############### ###########????? | | # ## ## #??????????????? | | ## ## ##?????????????? | | ## # ############### | | ## | | ## # | | ## # ### ########### | | # ## ## ## #???? | | # ## ## ## #???? | | ######### # ## ## ## #???# | | ????????# ##################### ## #???? | | ?######## ##################### ## #???? | | ?# ## #???? | | ?# #???? | | ?################################ ## #???? | | ?????????????????????????# ###########???? | | ?????????????????????????# #?????????????? | | ?????????????????????????# #######?????????????? | | ?????????????????????????# #????????????????????? | | ?????????????????????????##??????????????????????? | | ?????????????????????????????????????????????????? | +----------------------------------------------------+ Best States ------------- Heat Dissipation 25 Energy Generation 5 Energy Capacity 250 Matter Stores 212 Matter Capacity 300 Sight Range 16 Terrain Scan Density 10 Evasion (%) 50 Item Schematics ----------------- None Robot Schematics ------------------ None Fabricated ------------ Nothing Alien Tech Used ----------------- None Achievements -------------- None Challenges ------------ None Game ------ Seed DataHelicalInitializer Manual? 0 Play Time 00:17:40 Cumulative 23.3 hours Start 2020.11.09 @ 14:01:54 End 2020.11.09 @ 14:14:51 Sessions 0 Manual Loads 0 Difficulty Rogue Special Mode None Game No. 20 Rogue 7 Adventurer 13 Explorer 0 Win Type - Total 0 Types 0/0/0/0/0/0/0/0/0 Lore% 10 Gallery% 22 Achievement% 16 Wizard Run 0 Options --------- ASCII 0 Keyboard 0 Movement Numpad Keybinds 0 Fullscreen 0 Font 16/SmallcapsGlow Map View 76x50 Tactical HUD 1 Map Filters NONE Filters NONE Steam 1 RUN: 0524a1eb-17a7-4929-a0ff-f27e6adbc51b